 Dungeon Crawl Stone Soup version 0.31-a0-182-gc5ef74bbde (webtiles) character file.

Game seed: 5140591103569000764

1044 qw the Cleaver (level 8, 0/49 HPs)
             Began as a Gargoyle Fighter on June 20, 2023.
             Slain by a kobold brigand
             ... wielding a +2 dagger of venom
              (3 damage)
             ... on level 6 of the Dungeon.
             The game lasted 00:02:34 (4311 turns).

qw the Cleaver (Gargoyle Fighter)                   Turns: 4311, Time: 00:02:34

Health: 0/49       AC: 16    Str: 23    XL:     8   Next: 25%
Magic:  8/8        EV:  8    Int:  8    God:
Gold:   219        SH:  5    Dex: 15    Spells: 7/7 levels left

rFire   . . .        Y - +1 war axe
rCold   . . .        c - +0 buckler
rNeg    + . .        l - +0 chain mail
rPois   inf          (no helmet)
rElec   +            (no cloak)
rCorr   .            f - +1 pair of gloves
SInv    .            (no boots)
Will    .....        (no amulet) Stlth
                     g - +6 ring of dexterity
HPRegen 0.28/turn    (no ring)
MPRegen 0.11/turn

%: no passive effects
@: no status effects
A: sickness immunity, AC +5, negative energy resistance 1, electricity
resistance, torment resistance 1, petrification resistance
a: no special abilities


You were on level 6 of the Dungeon.
You visited 1 branch of the dungeon, and saw 6 of its levels.

You collected 219 gold pieces.


Innate Abilities, Weirdness & Mutations

You are immune to sickness and miasma.
Your stone body is resilient. (AC +5)
You are immune to poison.
You resist negative energy. (rN+)
You are resistant to electric shocks. (rElec)
You are resistant to unholy torment.
You are immune to petrification.


   Skills:
 + Level 5.0 Fighting
 - Level 8.0 Axes
 - Level 3.2 Armour
 - Level 1.1 Dodging
 - Level 3.2 Shields


You had 7 spell levels left.
You didn't know any spells.
Your spell library was empty.

Inventory:

Hand Weapons
 e - a +0 flail
 Y - a +1 war axe (weapon)
Armour
 c - a +0 buckler (worn)
 f - a +1 pair of gloves (worn)
 l - a +0 chain mail (worn)
Jewellery
 g - a +6 ring of dexterity (left hand)
Scrolls
 j - a scroll of identify
Potions
 a - a potion of magic
 d - 2 potions of might
 i - a potion of lignification {unknown}
 k - a potion of resistance
 n - a potion of invisibility {unknown}

Dungeon Overview and Level Annotations

Branches:
Dungeon (6/15)
 Temple: D:4-7

Altars:
Cheibriados
Dithmenos
Gozag
Hepliaklqana
Ru
Vehumet
Wu Jian
Xom
Yredelemnul
Zin
The Shining One

Shops:
D:5 (


Message History

The kobold throws a stone.
You block the stone. The wight hits you but does no damage.
You block the wight's attack.
A kobold comes into view. It is wielding a +0 short sword.
You hit the wight.
The wight is moderately damaged.
The wight barely misses you.
The kobold throws a stone.
The stone hits you but does no damage.
You hit the wight.
The wight is heavily damaged.
The wight hits you with a +3 halberd.
You barely miss the wight.
The wight is heavily damaged.
You hit the kobold but do no damage.
The kobold brigand throws a poisoned dart.
The poisoned dart hits you!
A kobold comes into view. It is wielding a +0 whip.
A kobold comes into view. It is wielding a +0 short sword.
The wight completely misses you.
You completely miss the wight.
The wight is heavily damaged.
You closely miss the kobold.
The kobold shouts! x2; You hear an angry hiss.
A rat comes into view.
You block the kobold's attack. The wight hits you but does no damage.
A ball python comes into view.
You closely miss the wight.
The wight is heavily damaged.
You slash the kobold!
You kill the kobold!
A kobold comes into view. It is wielding a +0 dagger.
The kobold throws a stone.
The stone hits you but does no damage. The wight hits you with a +3 halberd!
You closely miss the wight.
The wight is heavily damaged.
The kobold shouts!
You slash the kobold brigand! You block the wight's attack.
A kobold comes into view. It is wielding a +0 dagger.
The kobold brigand hits you with a +2 dagger of venom.
You die...

...........##...
.#..............#
.......?........#.
..............r...
..................
..........#(.K.KK.
..........#.......
.......<.)K)##.S.
.........@..KK.#
........z.>.....#
..##..............
. #...............
##..#....#......
...###..##......
... ...# ...... #.
#... ....


You could see a kobold brigand, a wight, a ball python, 5 kobolds and a rat.

Vanquished Creatures
  2 ogres
  A phantom (D:5)
  A bullfrog (D:4)
  2 scorpions
  A howler monkey (D:5)
  2 orc priests (D:4)
  A gnoll bouda (D:4)
  3 hounds
  2 iguanas
  5 orc wizards
  5 gnolls (D:4)
  6 adders
  3 ufetubi
  3 worms (D:2)
  A dart slug (D:2)
  17 orcs
  4 endoplasms
  6 giant cockroaches
  7 goblins
  13 hobgoblins
  3 jackals (D:1)
  A quokka (D:3)
  12 ball pythons
  4 bats
  4 frilled lizards
  10 kobolds
  5 rats
124 creatures vanquished.

Notes
Turn   | Place    | Note
-------+----------+-------------------------------------------
     0 | D:1      | qw the Gargoyle Fighter began the quest for the Orb.
     0 | D:1      | Reached XP level 1. HP: 14/14 MP: 1/1
     0 | D:1      | 0 ||| qw: Version: 0.3-a-9-g12657ce
     0 | D:1      | 0 ||| qw: Game counter: 1245
     0 | D:1      | 0 ||| qw: Always use a shield: true
     0 | D:1      | 0 ||| qw: God list: Okawaru
     0 | D:1      | 0 ||| qw: Allow faded altars: false
     0 | D:1      | 0 ||| qw: Do Orc after D:15 true
     0 | D:1      | 0 ||| qw: Do second Lair branch before Depths: true
     0 | D:1      | 0 ||| qw: Lair rune preference: random
     0 | D:1      | 0 ||| qw: Plans: Normal, Zot:1-4, Slime:5, God:TSO, Crypt,
                  | Tomb, Abyss, Pan, Hells, Win
     0 | D:1      | 0 ||| PLANNING D:1-11
    45 | D:1      | Reached skill level 2 in Axes
   156 | D:1      | Reached XP level 2. HP: 18/19 MP: 2/2
   215 | D:1      | 215 ||| Stepping ~*~*~tactically~*~*~ (stealth).
   263 | D:1      | 263 ||| Stepping ~*~*~tactically~*~*~ (hiding).
   265 | D:1      | 265 ||| Stepping ~*~*~tactically~*~*~ (hiding).
   277 | D:1      | 277 ||| Stepping ~*~*~tactically~*~*~ (stealth).
   282 | D:1      | 282 ||| Stepping ~*~*~tactically~*~*~ (stealth).
   284 | D:1      | 284 ||| Stepping ~*~*~tactically~*~*~ (stealth).
   310 | D:1      | 310 ||| Stepping ~*~*~tactically~*~*~ (stealth).
   322 | D:1      | 322 ||| Stepping ~*~*~tactically~*~*~ (stealth).
   354 | D:1      | 354 ||| Stepping ~*~*~tactically~*~*~ (stealth).
   366 | D:1      | 366 ||| DROPPING +0 club.
   375 | D:1      | Reached skill level 3 in Axes
   415 | D:1      | 415 ||| DROPPING +0 whip.
   633 | D:1      | Reached XP level 3. HP: 23/23 MP: 3/3
   968 | D:1      | 968 ||| READING scroll labelled ESKASO JYDUANESOE.
  1069 | D:1      | 1069 ||| READING scroll labelled ULILAT QISEU.
  1070 | D:1      | 1070 ||| READING 2 scrolls labelled XUHERY ARIAM.
  1215 | D:2      | 1215 ||| Stepping ~*~*~tactically~*~*~ (stealth).
  1216 | D:2      | 1216 ||| Stepping ~*~*~tactically~*~*~ (stealth).
  1218 | D:2      | 1218 ||| Stepping ~*~*~tactically~*~*~ (stealth).
  1220 | D:2      | 1220 ||| Stepping ~*~*~tactically~*~*~ (stealth).
  1293 | D:2      | Identified the scarf "Onuckuck" {+Inv, rElec Int+3}
  1299 | D:2      | 1299 ||| Stepping ~*~*~tactically~*~*~ (hiding).
  1430 | D:2      | Reached XP level 4. HP: 28/28 MP: 4/4
  1736 | D:2      | 1736 ||| Stepping ~*~*~tactically~*~*~ (stealth).
  1794 | D:2      | 1794 ||| Stepping ~*~*~tactically~*~*~ (stealth).
  1904 | D:2      | Reached skill level 4 in Axes
  2075 | D:2      | 2075 ||| UPGRADING to +1 pair of gloves.
  2080 | D:2      | 2080 ||| DROPPING scarf "Onuckuck" {+Inv, rElec Int+3}.
  2081 | D:2      | 2081 ||| READING scroll labelled ZONNIH FULESH.
  2468 | D:3      | Found a hazy altar of Hepliaklqana.
  2469 | D:3      | Found a shadowy altar of Dithmenos.
  2469 | D:3      | Noticed a shadow
  2523 | D:3      | 2523 ||| DROPPING amulet of magic regeneration.
  2524 | D:3      | 2524 ||| DROPPING ring of wizardry.
  2525 | D:3      | 2525 ||| READING scroll labelled ZUZUOR NOTZAW.
  2526 | D:3      | 2526 ||| READING 3 scrolls of identify.
  2526 | D:3      | 2526 ||| IDENTIFYING fuming coppery potion
  2527 | D:3      | 2527 ||| READING 2 scrolls of identify.
  2527 | D:3      | 2527 ||| IDENTIFYING yellow potion
  2541 | D:4      | HP: 7/28 [frozen (2)]
  2542 | D:4      | Reached XP level 5. HP: 8/32 MP: 5/5
  2546 | D:4      | HP: 7/32 [orc priest/+0 hand axe (1)]
  2549 | D:4      | HP: 2/32 [orc priest/+0 hand axe (4)]
  2550 | D:4      | 2550 ||| DRINKING potion of curing.
  2550 | D:4      | 2550 ||| (to cure confusion)
  2552 | D:4      | Reached skill level 5 in Axes
  2647 | D:4      | 2647 ||| DROPPING +0 mace.
  2724 | D:4      | 2724 ||| Stepping ~*~*~tactically~*~*~ (stealth).
  2776 | D:4      | Reached XP level 6. HP: 32/38 MP: 6/6
  2799 | D:4      | 2799 ||| Stepping ~*~*~tactically~*~*~ (stealth).
  2801 | D:4      | 2801 ||| Stepping ~*~*~tactically~*~*~ (hiding).
  2816 | D:4      | Reached skill level 1 in Dodging
  2824 | D:4      | HP: 9/38 [gnoll bouda/+0 whip (1)]
  2825 | D:4      | HP: 4/38 [gnoll/+0 spear[a gnoll bouda] (1)]
  2831 | D:4      | HP: 2/38 [gnoll/+0 spear[a gnoll bouda] (2)]
  3180 | D:4      | 3180 ||| Stepping ~*~*~tactically~*~*~ (stealth).
  3181 | D:4      | 3181 ||| Stepping ~*~*~tactically~*~*~ (stealth).
  3204 | D:4      | 3204 ||| Stepping ~*~*~tactically~*~*~ (hiding).
  3209 | D:4      | 3209 ||| DRINKING potion of curing.
  3209 | D:4      | 3209 ||| (to cure confusion)
  3219 | D:4      | 3219 ||| Stepping ~*~*~tactically~*~*~ (stealth).
  3233 | D:4      | Reached skill level 6 in Axes
  3233 | D:4      | Reached XP level 7. HP: 42/43 MP: 7/7
  3243 | D:4      | 3243 ||| Stepping ~*~*~tactically~*~*~ (stealth).
  3282 | D:4      | 3282 ||| Stepping ~*~*~tactically~*~*~ (stealth).
  3283 | D:4      | 3283 ||| Stepping ~*~*~tactically~*~*~ (stealth).
  3287 | D:4      | 3287 ||| Stepping ~*~*~tactically~*~*~ (stealth).
  3289 | D:4      | 3289 ||| Stepping ~*~*~tactically~*~*~ (stealth).
  3290 | D:4      | 3290 ||| Stepping ~*~*~tactically~*~*~ (stealth).
  3298 | D:4      | 3298 ||| Stepping ~*~*~tactically~*~*~ (stealth).
  3300 | D:4      | 3300 ||| Stepping ~*~*~tactically~*~*~ (hiding).
  3552 | D:4      | Found a radiant altar of Vehumet.
  3559 | D:4      | Found a glowing silver altar of Zin.
  3560 | D:4      | Found an opulent altar of Gozag.
  3561 | D:4      | Found a glowing golden altar of the Shining One.
  3561 | D:4      | Found an ornate altar of the Wu Jian Council.
  3571 | D:4      | Found a shimmering altar of Xom.
  3573 | D:4      | Found a basalt altar of Yredelemnul.
  3574 | D:4      | Found a sacrificial altar of Ru.
  3661 | D:4      | 3661 ||| UPGRADING to +0 chain mail.
  3671 | D:4      | 3671 ||| DROPPING +0 scale mail.
  3672 | D:4      | 3672 ||| READING scroll labelled ISOEN ACKO.
  3673 | D:4      | 3673 ||| DRINKING 2 bubbling white potions.
  3674 | D:4      | 3674 ||| READING 2 scrolls of identify.
  3674 | D:4      | 3674 ||| IDENTIFYING dark potion
  3675 | D:4      | 3675 ||| DROPPING potion of ambrosia.
  3685 | D:5      | Entered Level 5 of the Dungeon
  3690 | D:5      | Reached skill level 7 in Axes
  3814 | D:5      | 3814 ||| Stepping ~*~*~tactically~*~*~ (stealth).
  3819 | D:5      | 3819 ||| Stepping ~*~*~tactically~*~*~ (hiding).
  3829 | D:5      | 3829 ||| DRINKING potion of curing.
  3829 | D:5      | 3829 ||| (to cure confusion)
  3842 | D:5      | Reached XP level 8. HP: 30/49 MP: 8/8
  4007 | D:5      | Found Dare's Weapon Boutique.
  4014 | D:5      | 4014 ||| SHOPLISTING +7 mace of holy wrath (551 gold, have
                  | 208).
  4018 | D:5      | 4018 ||| Stepping ~*~*~tactically~*~*~ (stealth).
  4019 | D:5      | 4019 ||| Stepping ~*~*~tactically~*~*~ (stealth).
  4273 | D:5      | Found a snail-covered altar of Cheibriados.
  4277 | D:5      | 4277 ||| UPGRADING to +6 ring of dexterity.
  4278 | D:5      | 4278 ||| READING scroll labelled VIEK SOPHIR.
  4279 | D:5      | 4279 ||| READING scroll labelled SUSYT CAAPOZA.
  4295 | D:6      | 4295 ||| PLANNING SEWER
  4302 | D:6      | Reached skill level 8 in Axes
  4310 | D:6      | HP: 2/49 [wight/+3 halberd (14)]
  4311 | D:6      | Slain by a kobold brigand

Levels and vault maps discovered:
D:1:      wheals_arrival_shading, layout_basic, nicolae_titane
D:2:      layout_basic, grunt_ministairs_3
D:3:      layout_rooms, riverfiend_overflow_shadow_ancestor
D:4:      layout_basic, minitemple, nrook_mini_vaults, hangedman_decor_push,
          minivault_24, serial_bayou_pond_d
D:5:      layout_cave_pools, lemuel_tele_altar, serial_shops, shop
D:6:      dreamdust_elfheim, layout_cave_pools, portal_sewer_entry_b

Skill      XL: |  1  2  3  4  5  6  7  8 |
---------------+-------------------------+-----
Axes           | 2 3 4 5 6 7 8 |  8.0
Fighting       | 4 5 |  5.0
Dodging        | 1 |  1.1
Armour         | |  3.2
Shields        | |  3.2

Action                     |  1- 3 |  4- 6 |  7- 9 || total
---------------------------+-------+-------+-------++-------
  Melee: War axe           |   125 |   175 |   120 ||   420
    Use: Scroll            |     3 |     4 |     4 ||    11
         Potion            |       |     2 |     2 ||     4
 Armour: Scale mail        |    61 |    96 |    24 ||   181
         Chain mail        |       |       |   114 ||   114
  Dodge: Dodged            |    59 |    69 |    50 ||   178
  Block: Buckler           |    28 |    28 |    41 ||    97

Table legend:
 A = Non-vault XP
 B = Vault XP
 C = Vault XP percentage of total XP
 D = Non-vault monster count
 E = Vault monster count
 F = Vault count percentage of total count
                 A         B        C        D         E       F
            +---------+---------+-------+---------+---------+-------
      Total |    1486 |       6 |   0.4 |     122 |       2 |   1.6
            +---------+---------+-------+---------+---------+-------
        D:1 |      40 |       0 |   0.0 |      26 |       0 |   0.0
        D:2 |      62 |       6 |   8.8 |      24 |       2 |   7.7
        D:3 |      31 |       0 |   0.0 |      11 |       0 |   0.0
        D:4 |     729 |       0 |   0.0 |      37 |       0 |   0.0
        D:5 |     502 |       0 |   0.0 |      21 |       0 |   0.0
        D:6 |     122 |       0 |   0.0 |       3 |       0 |   0.0
            +---------+---------+-------+---------+---------+-------
